General information
- name: BNet
- type: Ladder team game (AT/RT)
- host: Battle.net
- saver: SERIOUSCRAFT
map: Goldshire
- players: 4
- length: 29:29
- speed: Fast
- version: 1.24 W3XP
- replay type: Public
» download(130 KB)
Players
team 1 (winner)
KeKeZergRush (
teal | 89 APM | 2630 actions | 29:27)
5 Mountain King
3 Storm Bolt
2 Bash
4 Paladin
2 Holy Light
2 Divine Shield
» actions
| Assign group hotkey | 10 | |
| Basic commands | 26 | |
| Build / train | 79 | |
| ESC pressed | 1 | |
| Enter build submenu | 41 | |
| Enter hero's abilities submenu | 10 | |
| Give item / drop item | 9 | |
| Right click | 1017 | |
| Select / deselect | 282 | |
| Select group hotkey | 1027 | |
| Use ability | 128 | |
2630 total
» units
» upgrades
| Masonry | 3 | |
| Lumber Harvesting | 2 | |
| Swords | 3 | |
| Storm Hammers | 1 | |
| Armor | 3 | |
| Animal War Training | 1 | |
13 total
» buildings
| Altar of Kings | 1 | |
| Farm | 7 | |
| Lumber Mill | 2 | |
| Scout Tower | 38 | |
| Arcane Tower | 2 | |
| Guard Tower | 16 | |
| Keep | 1 | |
| Arcane Vault | 1 | |
| Gryphon Aviary | 2 | |
| Castle | 1 | |
| Blacksmith | 1 | |
| Barracks | 2 | |
| Workshop | 1 | |
| Cannon Tower | 4 | |
| Town Hall | 2 | |
81 total
» build order
00:08 Altar of Kings
00:10 Farm
00:30 Lumber Mill
01:01 Farm
01:47 Scout Tower
01:48 Scout Tower
01:53 Scout Tower
02:11 Scout Tower
02:15 Arcane Tower
02:20 Scout Tower
02:22 Guard Tower
02:27 Scout Tower
02:37 Scout Tower
02:40 Arcane Tower
02:42 Scout Tower
02:51 Guard Tower
03:15 Guard Tower
03:20 Scout Tower
03:23 Scout Tower
03:52 Guard Tower
04:05 Guard Tower
05:15 Scout Tower
05:16 Scout Tower
05:16 Scout Tower
05:17 Scout Tower
05:19 Scout Tower
05:20 Scout Tower
05:21 Scout Tower
05:23 Scout Tower
05:24 Scout Tower
05:26 Scout Tower
05:27 Scout Tower
05:28 Scout Tower
05:56 Guard Tower
06:43 Guard Tower
06:57 Guard Tower
07:14 Guard Tower
07:17 Guard Tower
08:02 Scout Tower
08:03 Scout Tower
08:05 Scout Tower
09:07 Keep
09:10 Guard Tower
09:36 Scout Tower
09:37 Scout Tower
09:39 Scout Tower
09:41 Scout Tower
09:44 Scout Tower
10:14 Arcane Vault
10:27 Guard Tower
10:45 Lumber Mill
10:51 Farm
11:38 Guard Tower
12:16 Gryphon Aviary
12:47 Gryphon Aviary
13:16 Castle
13:43 Farm
13:44 Farm
13:45 Farm
15:26 Farm
15:28 Blacksmith
18:05 Barracks
18:56 Workshop
19:43 Scout Tower
19:43 Scout Tower
19:46 Scout Tower
19:49 Scout Tower
19:51 Scout Tower
21:20 Cannon Tower
23:03 Town Hall
23:15 Cannon Tower
23:17 Scout Tower
23:18 Scout Tower
23:26 Barracks
23:49 Cannon Tower
23:50 Cannon Tower
24:42 Guard Tower
24:45 Scout Tower
25:03 Guard Tower
26:21 Town Hall
27:14 Guard Tower
» items
| Healing Salve | 2 | |
| Lesser Clarity Potion | 4 | |
| Scroll of Speed | 1 | |
| Scroll of Town Portal | 1 | |
| Boots of Speed | 2 | |
| Staff of Teleportation | 2 | |
| Potion of Healing | 1 | |
| Orb of Lightning | 2 | |
| Staff of Sanctuary | 1 | |
16 total
SERIOUSCRAFT (
red | 56 APM | 1662 actions | 29:29)
6 Blademaster
3 Wind Walk
2 Critical Strike
1 Bladestorm
» actions
| Assign group hotkey | 7 | |
| Build / train | 46 | |
| Enter build submenu | 29 | |
| Enter hero's abilities submenu | 6 | |
| Give item / drop item | 2 | |
| Remove unit from queue | 1 | |
| Right click | 1074 | |
| Select / deselect | 221 | |
| Select group hotkey | 179 | |
| Use ability | 97 | |
1662 total
» units
» upgrades
| Spiked Barricades | 1 | |
| Ranged Weapons | 3 | |
| Armor | 2 | |
| Liquid Fire | 1 | |
| Reinforced Defenses | 1 | |
8 total
» buildings
| Altar of Storms | 1 | |
| Orc Burrow | 4 | |
| War Mill | 1 | |
| Voodoo Lounge | 1 | |
| Watch Tower | 18 | |
| Stronghold | 1 | |
| Fortress | 1 | |
| Beastiary | 3 | |
| Great Hall | 1 | |
31 total
» build order
00:08 Altar of Storms
00:20 Orc Burrow
00:47 War Mill
01:29 Voodoo Lounge
02:03 Watch Tower
02:14 Watch Tower
02:30 Orc Burrow
03:18 Watch Tower
03:57 Watch Tower
03:58 Watch Tower
04:26 Watch Tower
05:05 Orc Burrow
05:10 Watch Tower
05:34 Watch Tower
05:39 Watch Tower
06:58 Watch Tower
06:59 Watch Tower
07:24 Watch Tower
09:14 Stronghold
09:41 Watch Tower
09:44 Watch Tower
09:54 Orc Burrow
11:43 Watch Tower
11:45 Watch Tower
11:49 Fortress
11:58 Beastiary
12:00 Beastiary
12:02 Beastiary
13:20 Watch Tower
13:30 Watch Tower
28:55 Great Hall
» items
| Healing Salve | 3 | |
| Lesser Clarity Potion | 2 | |
| Boots of Speed | 1 | |
| Staff of Teleportation | 1 | |
| Potion of Lesser Invulnerability | 1 | |
| Circlet of Nobility | 1 | |
| Orb of Lightning | 1 | |
| Scroll of Speed | 1 | |
11 total
team 2 (loser)
Marty_Friedman (
yellow | 55 APM | 1605 actions | 29:26)
2 Paladin
1 Holy Light
1 Devotion Aura
» actions
| Basic commands | 30 | |
| Build / train | 71 | |
| Enter build submenu | 25 | |
| Enter hero's abilities submenu | 3 | |
| Remove unit from queue | 1 | |
| Right click | 920 | |
| Select / deselect | 501 | |
| Use ability | 54 | |
1605 total
» units
| Peasant | 8 | |
| Footman | 14 | |
| Knight | 5 | |
| Priest | 4 | |
| Mortar Team | 2 | |
| Rifleman | 17 | |
50 total
» upgrades
| Defend | 1 | |
| Plating | 1 | |
| Swords | 1 | |
| Lumber Harvesting | 2 | |
| Fragmentation Shards | 1 | |
| Priest Training | 2 | |
| Flare | 1 | |
| Gunpowder | 4 | |
| Armor | 1 | |
| Long Rifles | 1 | |
15 total
» buildings
| Altar of Kings | 1 | |
| Barracks | 2 | |
| Farm | 16 | |
| Keep | 1 | |
| Blacksmith | 1 | |
| Lumber Mill | 2 | |
| Arcane Vault | 1 | |
| Workshop | 1 | |
| Castle | 1 | |
| Arcane Sanctum | 1 | |
27 total
» build order
00:08 Altar of Kings
00:11 Barracks
00:13 Farm
00:57 Farm
01:30 Farm
04:59 Keep
05:04 Farm
05:23 Blacksmith
05:26 Lumber Mill
05:30 Farm
07:04 Lumber Mill
07:06 Arcane Vault
07:09 Farm
08:40 Workshop
09:18 Castle
10:49 Arcane Sanctum
10:53 Farm
13:36 Farm
15:35 Barracks
19:56 Farm
20:37 Farm
21:47 Farm
21:48 Farm
21:59 Farm
22:40 Farm
22:44 Farm
24:55 Farm
muambeiro (
green | 74 APM | 1259 actions | 16:59)
3 Goblin Tinker
2 Pocket Factory
1 Engineering Upgrade
» actions
| Assign group hotkey | 33 | |
| Basic commands | 65 | |
| Build / train | 49 | |
| Enter build submenu | 17 | |
| Enter hero's abilities submenu | 3 | |
| Right click | 509 | |
| Select / deselect | 276 | |
| Select group hotkey | 253 | |
| Use ability | 54 | |
1259 total
» units
| Peasant | 6 | |
| Footman | 17 | |
| Mortar Team | 8 | |
| Flying Machine | 1 | |
32 total
» upgrades
» buildings
| Barracks | 2 | |
| Farm | 8 | |
| Altar of Kings | 1 | |
| Arcane Vault | 1 | |
| Keep | 1 | |
| Blacksmith | 1 | |
| Workshop | 2 | |
| Lumber Mill | 1 | |
| Castle | 1 | |
18 total
» build order
00:05 Barracks
00:10 Farm
00:33 Altar of Kings
00:45 Farm
01:50 Farm
02:02 Barracks
05:00 Arcane Vault
05:14 Farm
05:47 Farm
07:12 Keep
07:15 Farm
07:53 Blacksmith
09:38 Workshop
09:40 Workshop
09:53 Lumber Mill
11:17 Farm
12:06 Farm
15:35 Castle
» items
| Scroll of Regeneration | 4 | |
| Lesser Clarity Potion | 2 | |
| Potion of Healing | 2 | |
8 total
Chat log
(00:25 / Allies) KeKeZergRush: watch for quick am or some shit
(02:30 / Allies) KeKeZergRush: where?
(02:48 / Allies) KeKeZergRush: tink
(03:44 / Allies) KeKeZergRush: defend men
(04:16 / Allies) KeKeZergRush: militia
(04:20 / Allies) KeKeZergRush: 1
(04:43 / Allies) KeKeZergRush: tink
(05:45 / Allies) KeKeZergRush: harass them?
(05:47 / Allies) KeKeZergRush: slow hit
(05:49 / Allies) KeKeZergRush: i got no lum,
(05:52 / Allies) KeKeZergRush: to upgfrade
(06:37 / Allies) KeKeZergRush: no mana
(09:19 / Allies) KeKeZergRush: speed scrolled militia funny
(10:03 / Allies) KeKeZergRush: rally to dead hero morel ike it
(10:18 / Allies) KeKeZergRush: getting boots
(11:33 / Allies) KeKeZergRush: readyu
(12:59 / Allies) KeKeZergRush: now
(13:57 / Allies) KeKeZergRush: went gryps
(14:12 / Allies) KeKeZergRush: 1/2 to castle
(14:43 / Allies) KeKeZergRush: no castle
(17:00 / All) SERIOUSCRAFT: leave
(17:09 / All) SERIOUSCRAFT: terribad shitnoob trash
(18:17 / Allies) KeKeZergRush: not going over 50
(18:34 / All) SERIOUSCRAFT: fuck a rifle!!
(19:10 / Allies) KeKeZergRush: coming
(19:11 / Allies) KeKeZergRush: long way
(19:19 / Allies) KeKeZergRush: pala none
(20:49 / Allies) KeKeZergRush: haha
(20:56 / Allies) KeKeZergRush: let him mass
(20:58 / Allies) KeKeZergRush: im getting dual 5s
(21:27 / Allies) KeKeZergRush: made cannon towers inc ase of tanks too
(22:21 / All) Marty_Friedman: come
(22:22 / All) Marty_Friedman: idiot
(22:27 / All) Marty_Friedman: arent u the best ?
(22:36 / All) SERIOUSCRAFT: no, it's just that youre the worst
(22:46 / All) Marty_Friedman: ok
(22:53 / All) Marty_Friedman: so prove that u r better than me
(24:06 / All) SERIOUSCRAFT: THE LAST YELLOW RIFLE
(24:16 / All) Marty_Friedman: gz
(24:33 / Allies) KeKeZergRush: command aura
(24:39 / Allies) KeKeZergRush: endur aura i mean
(24:50 / Allies) KeKeZergRush: should just do it with heroes
(24:59 / Allies) KeKeZergRush: 2nd shop
(26:05 / All) SERIOUSCRAFT: THATS ALOT OF RIFLES SON
(26:46 / Allies) KeKeZergRush: leave him a farm or something
(27:01 / Allies) KeKeZergRush: neighbors
(27:05 / All) Marty_Friedman: SeAHEUEhASUEhASUheAS
(27:08 / All) Marty_Friedman: eh um bosta msmo
(27:15 / All) SERIOUSCRAFT: LA GRANDE TACO BURRIIITO
(27:21 / All) Marty_Friedman: SAEUASHUEAHUheASUheASUEh
(28:43 / All) Marty_Friedman: omfg
(28:49 / All) SERIOUSCRAFT: hi
(28:52 / All) Marty_Friedman: u take too much time
(29:00 / All) Marty_Friedman: just to kill this rifles
(29:03 / All) SERIOUSCRAFT: i wanna bladestorm you
(29:06 / All) Marty_Friedman: ur much noob
(29:18 / All) Marty_Friedman: so u r not going to bs